 Dungeon Crawl Stone Soup version 0.31-a0-358-gac0dbeb3ab (webtiles) character file.

Game seed: 9574699020775459321

2125 randomguy2701 the Carver (level 9, -4/76 (78) HPs)
             Began as a Minotaur Fighter on July 26, 2023.
             Was a Follower of Lugonu.
             Slain by a wight
             ... wielding a +2 morningstar of distortion
              (10 damage)
             ... on level 7 of the Dungeon.
             The game lasted 00:10:20 (7411 turns).

randomguy2701 the Carver (Minotaur Fighter)         Turns: 7411, Time: 00:10:21

HP:   -4/76 (78)    AC: 10    Str: 20    XL:     9   Next: 8%
MP:   2/8           EV:  8    Int: 11    God:    Lugonu [*.....]
Gold: 437           SH: 10    Dex: 15    Spells: 8/8 levels left

rFire   . . .        y - +5 long sword of Imminent Death {flame, SInv}
rCold   . . .        l - +0 kite shield
rNeg    . . .        C - +0 chain mail
rPois   .            (helmet restricted)
rElec   .            (no cloak)
rCorr   +            (no gloves)
SInv    +            (no boots)
Will    .....        (no amulet) Stlth
                     p - ring of resist corrosion
HPRegen 0.00/turn    u - +6 ring of intelligence
MPRegen 0.11/turn

%: no passive effects
@: sick, lightly drained
A: horns 2, retaliatory headbutt
a: Renounce Religion, Depart the Abyss


You were on level 7 of the Dungeon.
You worshipped Lugonu.
Lugonu was aware of your devotion.
You visited 1 branch of the dungeon, and saw 7 of its levels.
You visited the Abyss 1 time.

You collected 437 gold pieces.

Inventory:

Hand Weapons
 a - a +0 war axe
 y - the +5 long sword of Imminent Death (weapon) {flame, SInv}
   (You found it on level 4 of the Dungeon)

   SInv:      It lets you see invisible.
Armour
 l - a +0 kite shield (worn)
 C - a +0 chain mail (worn)
Jewellery
 b - an amulet of faith
 m - an amulet of magic regeneration
 p - a ring of resist corrosion (left hand)
 u - a +6 ring of intelligence (right hand)
 z - a ring of protection from cold
Wands
 c - a wand of flame (7)
 D - a wand of charming (2)
 E - a wand of light (1)
Scrolls
 e - 2 scrolls of fear {unknown}
 g - 4 scrolls of identify {unknown}
 j - 2 scrolls of poison {unknown}
 k - 2 scrolls of brand weapon {unknown}
 n - 3 scrolls of fog {unknown}
 q - 4 scrolls of noise {unknown}
 r - 6 scrolls of amnesia {unknown}
 s - 6 scrolls of vulnerability {unknown}
 t - 2 scrolls of acquirement {unknown}
 w - 2 scrolls of teleportation {unknown}
 A - a scroll of immolation {unknown}
 B - 2 scrolls of enchant armour {unknown}
Potions
 d - a potion of might
 f - 3 potions of berserk rage {unknown}
 h - 3 potions of degeneration {unknown}
 i - 4 potions of curing {unknown}
 o - 3 potions of ambrosia {unknown}
 v - a potion of heal wounds {unknown}
 x - 2 potions of attraction {unknown}


   Skills:
 + Level 6.4 Fighting
 * Level 10.1 Long Blades
 - Level 4.4 Axes
 + Level 6.9 Armour
 + Level 2.2 Dodging
 + Level 0.4 Stealth
 + Level 5.4 Shields


You had 8 spell levels left.
You didn't know any spells.
Your spell library contained the following spells:

 Spells                   Type           Power      Damage    Failure   Level
 Slow                     Hex            0%         N/A       99%         1
 Confusing Touch          Hex            0%         N/A       100%        3
 Dazzling Flash           Conj/Hex       0%         N/A       100%        3
 Vampiric Draining        Necr           0%         2d6       100%        3
 Volatile Blastmotes      Fire/Tloc      0%         2d10      100%        3
 Starburst                Conj/Fire      0%         6d3       100%        6
 Maxwell's Capacitive Co  Air            0%         ∞         100%        8


Dungeon Overview and Level Annotations

Branches:
Dungeon (7/15)             Temple (0/1) D:7

Altars:
Hepliaklqana

Shops:
D:3 =   D:6 [[


Innate Abilities, Weirdness & Mutations

You have a pair of horns on your head.
You reflexively headbutt those who attack you in melee.


Message History

A ghost moth comes into view.
You feel ill. The ghost moth stares at you.
You feel your power leaking away. The ghost moth stares at you.
There is a corrupted altar of Lugonu here.
You kneel at the altar of Lugonu.
Lugonu welcomes you!
You can now depart the Abyss.
You can now banish your foes.
The large abomination hits you.
You don't have enough magic at the moment.
The ancient zyme attacks as you move away!
You block the ancient zyme's attack. x2
The ghost moth stares at you.
The ancient zyme attacks as you move away!
The ancient zyme hits you! The ancient zyme barely misses you.
A small abomination comes into view.
The ancient zyme attacks as you move away!
You block the ancient zyme's attack. The ancient zyme hits you.
The ghost moth stares at you. The ghost moth stares at you.
A raiju comes into view.
The raiju barks!
You pass through the gate.
Welcome back to the Dungeon!
You can no longer banish your foes.
The wight completely misses you.
The wight hits you with a +0 great sword.
The wight hits you with a +2 morningstar of distortion!
Space warps around you. You block the wight's attack.
The wight attacks as you move away!
The wight hits you with a +0 great sword!
* * * LOW HITPOINT WARNING * * *
You block the wight's attack. The wight closely misses you.
The wight hits you with a +0 great sword!
* * * LOW HITPOINT WARNING * * *
You see here a +0 trident.
The wight hits you with a +2 morningstar of distortion!
You die...

............... ##.....#........
.##...#..........
#.#..............######
#.....................#
#######.............#.......#
...##...........#..#.......#
#####.##...##......#..........#
...........###..@#.##.#.......#
#..z......# ####z..#.#.......###
##.##.###..#####z.....#.......#..
#...#.# #..z)..z......##.#.####.#
z...#.# ##.#####...............>.
#...#.# #.# ##...#.#...#####..
#####.####.# ##.#......### #..
#....>.# #.#........###..
######.#######.#.........<...


You could see a wight.

Vanquished Creatures
  Grinder (D:5)
  2 ice beasts (D:6)
  A black bear (D:5)
  A phantom (D:7)
  A kobold brigand (D:7)
  2 bullfrogs
  4 scorpions (D:5)
  4 wights (D:5)
  The ghost of Loveship the Changeling, a weakling DsSh (D:3)
  4 orc priests
  4 hounds
  4 jellies
  A gnoll bouda (D:5)
  3 iguanas
  2 sleepcaps
  An orc wizard (D:7)
  9 gnolls
  13 adders
  3 shadow imps
  2 white imps
  3 worms
  4 dart slugs
  9 orcs
  8 endoplasms
  A giant cockroach (D:1)
  6 goblins
  7 hobgoblins
  2 quokkas
  14 ball pythons
  14 bats
  4 frilled lizards
  7 kobolds
  5 rats
147 creatures vanquished.

Notes
Turn   | Place    | Note
-------+----------+-------------------------------------------
     0 | D:1      | randomguy2701 the Minotaur Fighter began the quest for the
                  | Orb.
     0 | D:1      | Reached XP level 1. HP: 19/19 MP: 0/0
   115 | D:1      | Reached XP level 2. HP: 27/27 MP: 1/1
   503 | D:1      | Reached XP level 3. HP: 33/33 MP: 2/2
  1325 | D:2      | Reached XP level 4. HP: 27/40 MP: 3/3
  2076 | D:3      | Found Qinleon's Jewellery Boutique.
  2118 | D:3      | Found a runed translucent door.
  2119 | D:3      | You fall into a shaft and drop 1 floor!
  2217 | D:4      | Reached skill level 1 in Dodging
  2217 | D:4      | Reached XP level 5. HP: 42/47 MP: 4/4
  3033 | D:4      | Identified the +5 long sword of Imminent Death {flame,
                  | SInv}
  3458 | D:3      | Noticed Loveship's ghost (weakling DsSh)
  3510 | D:3      | Reached skill level 1 in Long Blades
  3515 | D:3      | Killed Loveship's ghost
  3516 | D:3      | Reached skill level 5 in Armour
  3648 | D:5      | Entered Level 5 of the Dungeon
  3727 | D:5      | Reached skill level 2 in Long Blades
  3727 | D:5      | Reached XP level 6. HP: 53/53 MP: 5/5
  3782 | D:5      | Reached skill level 3 in Long Blades
  3922 | D:5      | Reached skill level 4 in Long Blades
  4174 | D:5      | Reached skill level 5 in Long Blades
  4174 | D:5      | Reached XP level 7. HP: 60/60 MP: 6/6
  4200 | D:5      | Reached skill level 5 in Fighting
  4440 | D:5      | Noticed Grinder
  4444 | D:5      | Killed Grinder
  4445 | D:5      | Reached skill level 6 in Long Blades
  4760 | D:5      | Reached XP level 8. HP: 42/69 MP: 7/7
  5305 | D:5      | Reached skill level 7 in Long Blades
  5350 | D:5      | Reached skill level 5 in Shields
  5812 | D:6      | Reached skill level 8 in Long Blades
  5925 | D:6      | Found Fraech's Dragon-Slaying Spoils.
  6397 | D:6      | Reached skill level 9 in Long Blades
  6537 | D:6      | Found Pant's Armour Boutique.
  6539 | D:6      | Noticed an animated gold dragon scales
  6540 | D:6      | Noticed an animated crystal plate armour
  6855 | D:7      | Reached XP level 9. HP: 58/75 MP: 8/8
  6861 | D:7      | Reached skill level 10 in Long Blades
  6932 | D:7      | Found a staircase to the Ecumenical Temple.
  7248 | D:7      | Found a faded altar of an unknown god.
  7250 | D:7      | Found a faded altar of an unknown god.
  7250 | D:7      | Found a hazy altar of Hepliaklqana.
  7302 | Abyss:1  | Cast into level 1 of the Abyss (wight)
  7363 | Abyss:1  | Noticed an ancient zyme
  7371 | Abyss:1  | Found a corrupted altar of Lugonu.
  7374 | Abyss:1  | Noticed a ghost moth
  7379 | Abyss:1  | Became a worshipper of Lugonu the Unformed
  7379 | Abyss:1  | Reached * piety under Lugonu
  7379 | Abyss:1  | Reached ** piety under Lugonu
  7386 | D:7      | Escaped the Abyss
  7411 | D:7      | Slain by a wight

Illustrated notes

Levels and vault maps discovered:
D:1:      amcnicky_arrival_choice, layout_basic
D:2:      layout_loops_corners
D:3:      minmay_door_path, layout_rooms, ebering_ghost_sewer_d, serial_shops,
          nicolae_shop_hallway_plus
D:4:      layout_loops_corners, minivault_5
D:5:      old_forge, layout_layer_cave, uniq_grinder
D:6:      layout_cave_pools, serial_shops, nicolae_shop_mannequins,
          solitary_fountain, nicolae_shop_dragon_depot, grunt_decor_cap
D:7:      layout_loops_ring, minitemple,
          nicolae_hepliaklqana_ecumenical_no_more, minmay_temple_entry_arrows

Skill      XL: |  1  2  3  4  5  6  7  8  9 |
---------------+----------------------------+-----
Fighting       | 4 5 6 |  6.4
Armour         | 4 5 6 |  6.9
Shields        | 4 5 |  5.4
Axes           | 3 4 |  4.4
Dodging        | 1 2 |  2.2
Long Blades    | 2 5 6 9 10 | 10.1
Stealth        | |  0.4

Action                     |  1- 3 |  4- 6 |  7- 9 || total
---------------------------+-------+-------+-------++-------
  Melee: War axe           |    74 |    51 |       ||   125
         Headbutt          |     8 |    11 |    28 ||    47
         Long sword        |       |    45 |   172 ||   217
 Invoke: Depart the Abyss  |       |       |     1 ||     1
 Armour: Scale mail        |    34 |    41 |    25 ||   100
         Chain mail        |       |       |    18 ||    18
  Dodge: Dodged            |    39 |    37 |    43 ||   119
  Block: Buckler           |    12 |       |       ||    12
         Kite shield       |     9 |    45 |    73 ||   127

Table legend: (Time is in decaauts)
 A = Elapsed time spent in this place.
 B = Non-inter-level travel time spent in this place.
 C = Inter-level travel time spent in this place.
 D = Time resting spent in this place.
 E = Time spent auto-exploring this place.
 F = Levels seen in this place.
 G = Mean time per level.
                   A        B        C        D        E       F      G
               +--------+--------+--------+--------+--------+-----+--------+
         Total |   7511 |   7210 |    301 |    612 |   5573 |   8 |  938.9 |
       Dungeon |   7427 |   7126 |    301 |    562 |   5573 |   7 | 1061.0 |
         Abyss |     83 |     83 |      0 |     50 |      0 |   1 |   83.0 |
               +--------+--------+--------+--------+--------+-----+--------+

Top non-repeatable levels by time:
     D:5: 2096 daAuts
     D:4: 1087 daAuts
     D:1: 1057 daAuts
     D:2: 983 daAuts
     D:6: 965 daAuts
     D:3: 677 daAuts
     D:7: 560 daAuts
 Abyss:1: 83 daAuts
